 Dungeon Crawl Stone Soup version 0.20.0-15-g7f486f2 (console) character file.

23316 bli the Basher (level 12, -1/87 HPs)
             Began as a Demonspawn Wanderer on June 29, 2017.
             Was a Believer of Ru.
             Slain by a blink frog (8 damage)
             ... on level 4 of the Lair of Beasts on July 1, 2017.
             The game lasted 01:28:35 (14725 turns).

bli the Basher (Demonspawn Wanderer)               Turns: 14725, Time: 01:28:36

Health: -1/87      AC: 10    Str: 17    XL:     12   Next: 70%
Magic:  0/23       EV: 18    Int: 15    God:    Ru [**....]
Gold:   714        SH:  0    Dex: 14    Spells: 11/11 levels left

rFire    + . .     SeeInvis .   a - +2 whip (drain)
rCold    . . .     Gourm    .   (no shield)
rNeg     . . .     Faith    .   X - +3 leather armour {rF+}
rPois    .         Spirit   +   G - +0 helmet
rElec    .         Reflect  .   (no cloak)
rCorr    .         Harm     .   (no gloves)
MR       .....                  T - +0 pair of boots
Stlth    ++++++....             S - amulet of regeneration
Regen    0.7/turn               t - ring of stealth
MPRegen  0.4/turn               E - ring of magical power

@: no status effects
A: claws 2, icy blue scales 1, frail 1, low mp 1, nightstalker 2, strong 1,
magic shield, magic regeneration, cowardly, no ice magic, no necromancy magic,
no summoning magic
a: Renounce Religion


You were on level 4 of the Lair of Beasts.
You worshipped Ru.
Ru was pleased with you.
You were not hungry.

You visited 3 branches of the dungeon, and saw 15 of its levels.

You collected 714 gold pieces.

Inventory:

Hand Weapons
 a - a +2 whip of draining (weapon)
 b - a +2 dire flail of crushing
Missiles
 i - 455 stones (quivered)
Armour
 G - a +0 helmet (worn)
 T - a +0 pair of boots (worn)
 X - a +3 leather armour of fire resistance (worn)
Jewellery
 n - an uncursed ring of flight
 t - a ring of stealth (left claw)
 E - a ring of magical power (right claw)
 S - an amulet of regeneration (around neck)
Wands
 l - a wand of confusion (13/48)
 m - a wand of flame (31/48)
 y - a wand of disintegration (5/24)
 B - a wand of scattershot (0/9)
 V - a wand of polymorph (8/24)
 Y - a wand of paralysis (12/24)
Scrolls
 e - 9 scrolls of teleportation
 o - 2 scrolls of enchant weapon {unknown}
 q - 2 scrolls of fog {unknown}
 x - a scroll of blinking {unknown}
 D - a scroll of random uselessness {unknown}
 H - 3 scrolls of immolation {unknown}
 I - 2 scrolls of noise {unknown}
 N - 2 scrolls of magic mapping {unknown}
 O - 3 scrolls of recharging {unknown}
 P - a scroll of silence
 U - 2 scrolls of fear
Potions
 c - 8 potions of curing
 j - a potion of agility {unknown}
 k - a potion of invisibility
 p - 2 potions of ambrosia {unknown}
 s - 2 potions of mutation {unknown}
 v - 5 potions of heal wounds
 A - 4 potions of brilliance {unknown}
 C - 2 potions of flight {unknown}
 F - a potion of might {unknown}
 J - a potion of berserk rage
 K - 3 potions of haste
 L - 4 potions of lignification {unknown}
Books
 f - a book of Power

   Spells                             Type                      Level
   a - Iskenderun's Battlesphere      Conjuration/Charms           5
   b - Venom Bolt                     Conjuration/Poison           5
   c - Bolt of Magma                  Conjuration/Fire/Earth       5
   d - Iron Shot                      Conjuration/Earth            6
   e - Orb of Destruction             Conjuration                  7
   f - Spellforged Servitor           Conjuration/Summoning        7
Miscellaneous
 h - a box of beasts
 r - a fan of gales (inert)
 w - a lamp of fire (inert)
 W - a phantom mirror
Comestibles
 d - 2 chunks of flesh
 g - 3 meat rations
 M - 8 royal jellies


   Skills:
 + Level 9.8 Fighting
   Level 2.6(7.2) Axes
 + Level 10.4(10.5) Maces & Flails
 + Level 3.0 Armour
 + Level 10.1 Dodging
 + Level 6.4 Stealth
 * Level 6.0 Unarmed Combat
 + Level 6.1 Evocations


You had 11 spell levels left.
You didn't know any spells.

Dungeon Overview and Level Annotations

Branches:
Dungeon (9/15)             Temple (1/1) D:5            Lair (5/6) D:8
  Swamp (0/4) Lair:3       Spider (0/4) Lair:4          Orc (0/2) D:9
  Slime: Lair:5-6

Altars:
Ashenzari
Cheibriados
Dithmenos
Elyvilon
Fedhas
Hepliaklqana
Kikubaaqudgha
Nemelex Xobeh
Okawaru
Qazlal
Ru
Trog
Uskayaw
Vehumet
Xom
Yredelemnul
Zin
The Shining One

Shops:
D:4 [


Innate Abilities, Weirdness & Mutations

You have very sharp fingernails.
You are partially covered in icy blue scales. (AC +2)
You are significantly more attuned to the shadows.
When hurt, damage is shared between your health and your magic reserves.
You regenerate magic rapidly.
Your cowardice makes you less effective in combat with threatening monsters.
You cannot study or cast Ice magic.
You cannot study or cast Necromancy magic.
You cannot study or cast Summoning magic.
You are frail. (-10% HP)
Your magical capacity is low. (-10% MP)
Your muscles are strong. (Str +2)


Message History

You closely miss the blink frog.
The blink frog is severely wounded.
The blink frog hits you but does no damage.
You feel a twist of horror at the sight of this foe.
You closely miss the blink frog.
The blink frog is severely wounded.
The blink frog misses you.
You miss the blink frog.
The blink frog is severely wounded.
You barely miss the blink frog.
The blink frog is severely wounded.
The blink frog misses you.
You hit the blink frog. You drain the blink frog!
The blink frog is almost dead.
The blink frog closely misses you.
The blink frog blinks!
You barely miss the blink frog.
You claw the blink frog, but do no damage.
The blink frog is almost dead.
The blink frog hits you!
You die...

#.#### ##### #
##.P.###...# #
#..........# #
##.........#### ###
#.............###P#
#.................#
#..........P..#....
#..........#####.##
##.........# ###.
#F†§...>..# #.
#@####.##.### ##
### #..##.#.### #
##'##....#.#
##..........#
#..........## #
##.<........## #
##..........P# #
#..........+.###
##.........#.#.#
###'#####.#....
#####..# ##.#...


You could see a blink frog.

Vanquished Creatures
  4 hydras
  2 two-headed ogres
  2 death yaks (Lair:4)
  A black mamba (Lair:4)
  Joseph (D:7)
  4 elephants
  6 spiny frogs
  4 komodo dragons
  A troll (D:9)
  15 blink frogs
  A tyrant leech (Lair:3)
  3 hippogriffs
  Sigmund (D:7)
  7 yaks
  A spriggan (D:7)
  A redback (Lair:4)
  A basilisk (Lair:3)
  2 hungry ghosts (D:9)
  Edmund (D:7)
  A two-headed ogre zombie (D:9)
  9 water moccasins
  Duvessa (D:5)
  9 porcupines
  4 orc warriors (D:8)
  2 sky beasts
  2 ice beasts (D:8)
  2 black bears (D:8)
  4 ogres
  An eye of draining (D:8)
  5 phantoms
  5 wolves (Lair:1)
  3 centaurs
  9 crocodiles
  A big kobold (D:7)
  13 bullfrogs
  Dowan (D:5)
  2 scorpions
  4 killer bees (D:8)
  A troll zombie (D:9)
  2 crimson imps
  2 bullfrog zombies
  4 hounds
  6 jellies
  4 orc priests
  A centaur skeleton (D:7)
  6 orc wizards
  A bullfrog skeleton (D:8)
  5 iguanas
  6 worker ants
  6 ogre zombies (D:9)
  2 hound zombies
  2 hound skeletons
  A howler monkey zombie (D:5)
  19 adders
  6 gnolls
  A howler monkey skeleton (D:4)
  2 dart slugs
  4 leopard geckos
  30 orcs
  A ball python (D:5)
  6 giant cockroaches
  7 goblins
  2 hobgoblins
  14 jackals
  3 quokkas
  4 bats
  6 frilled lizards
  A goblin skeleton (D:9)
  2 goblin zombies (D:9)
  A hobgoblin skeleton (D:9)
  2 hobgoblin zombies (D:9)
  A jackal skeleton (D:4)
  15 kobolds
  3 orc skeletons (D:9)
  13 orc zombies (D:9)
  A quokka skeleton (D:7)
  2 quokka zombies
  3 rats (D:3)
334 creatures vanquished.

Vanquished Creatures (others)
  A hungry ghost (D:9)
  A black bear (D:8)
  37 fungi
  12 plants
51 creatures vanquished.

Grand Total: 385 creatures vanquished

Notes
Turn   | Place    | Note
-------+----------+-------------------------------------------
     0 | D:1      | bli the Demonspawn Wanderer began the quest for the Orb.
     0 | D:1      | bli set off with: a box of beasts, a scroll of teleportation, a potion of curing, a +0 robe, a +0 club, a +0 dagger, a bread ration
     0 | D:1      | Reached XP level 1. HP: 15/15 MP: 1/1
   125 | D:1      | Gained mutation: When hurt, damage is shared between your health and your magic reserves. [demonic ancestry]
   125 | D:1      | Reached XP level 2. HP: 10/21 MP: 2/2
   566 | D:1      | Gained mutation: You have sharp fingernails. [demonic ancestry]
   566 | D:1      | Reached XP level 3. HP: 23/26 MP: 3/3
  1045 | D:2      | Reached skill level 1 in Maces & Flails
  1194 | D:2      | Reached XP level 4. HP: 27/33 MP: 2/4
  2492 | D:4      | Reached XP level 5. HP: 34/39 MP: 5/5
  2944 | D:4      | Noticed a centaur
  2952 | D:4      | Killed a centaur
  3033 | D:4      | Gained mutation: You regenerate magic rapidly. [demonic ancestry]
  3033 | D:4      | Reached XP level 6. HP: 41/46 MP: 7/7
  3204 | D:4      | Found Tieni's Antique Armour Shop.
  3416 | D:4      | Found a bloodstained altar of Trog.
  3473 | D:5      | Entered Level 5 of the Dungeon
  3473 | D:5      | Noticed a sky beast
  3484 | D:5      | Killed a sky beast
  3541 | D:5      | Found a staircase to the Ecumenical Temple.
  3550 | Temple   | Entered the Ecumenical Temple
  3551 | Temple   | Gained mutation: You are frail. (-10% HP) [mutagenic meat]
  3553 | Temple   | Gained mutation: Your muscles are strong. (Str +2) [mutagenic meat]
  3554 | Temple   | Gained mutation: Your magical capacity is low. (-10% MP) [mutagenic meat]
  3648 | Temple   | Became a worshipper of Ru the Awakened
  3936 | D:5      | Noticed Dowan
  3937 | D:5      | Noticed Duvessa
  3995 | D:5      | Killed Duvessa
  3995 | D:5      | Reached XP level 7. HP: 27/46 MP: 7/7
  4012 | D:5      | Killed Dowan
  4799 | D:6      | Gained mutation: You are partially covered in icy blue scales. (AC +2) [demonic ancestry]
  4799 | D:6      | Reached XP level 8. HP: 29/54 MP: 9/9
  5212 | D:6      | Gained mutation: Your cowardice makes you less effective in combat with threatening monsters. [Ru sacrifice]
  5212 | D:6      | Reached * piety under Ru
  5537 | D:6      | Found a radiant altar of Vehumet.
  5673 | D:7      | Reached skill level 5 in Dodging
  5772 | D:7      | Reached skill level 5 in Fighting
  5929 | D:7      | Reached skill level 5 in Maces & Flails
  5964 | D:7      | Noticed Sigmund
  5973 | D:7      | Noticed Edmund
  6001 | D:7      | Killed Edmund
  6041 | D:7      | Killed Sigmund
  6126 | D:7      | Gained mutation: You are slightly more attuned to the shadows. [demonic ancestry]
  6126 | D:7      | Reached XP level 9. HP: 60/61 MP: 10/10
  6298 | D:7      | Found a snail-covered altar of Cheibriados.
  6338 | D:7      | Found a blossoming altar of Fedhas.
  6361 | D:7      | Noticed Joseph
  6398 | D:7      | Killed Joseph
  7227 | D:8      | Reached skill level 1 in Armour
  7298 | D:8      | Found a staircase to the Lair.
  7572 | Lair:1   | Entered Level 1 of the Lair of Beasts
  7603 | D:8      | Reached XP level 10. HP: 69/69 MP: 11/11
  7696 | D:8      | Gained mutation: You cannot study or cast Ice magic. [Ru sacrifice]
  7696 | D:8      | Gained mutation: You cannot study or cast Necromancy magic. [Ru sacrifice]
  7696 | D:8      | Gained mutation: You cannot study or cast Summoning magic. [Ru sacrifice]
  7696 | D:8      | Reached ** piety under Ru
  7838 | D:8      | Noticed a two-headed ogre
  7858 | D:8      | Found a glowing silver altar of Zin.
  7872 | D:8      | Killed a two-headed ogre
  8837 | D:9      | Found a staircase to the Orcish Mines.
  9057 | D:9      | Noticed a two-headed ogre
  9078 | D:9      | Killed a two-headed ogre
  9321 | D:9      | Gained mutation: You are significantly more attuned to the shadows. [demonic ancestry]
  9321 | D:9      | Reached XP level 11. HP: 67/77 MP: 12/12
  9431 | D:9      | Found a sparkling altar of Nemelex Xobeh.
  9676 | Lair:1   | Noticed a five-headed hydra
  9692 | Lair:1   | Killed a five-headed hydra
 10045 | Lair:1   | Reached skill level 5 in Stealth
 10846 | Lair:2   | Noticed a four-headed hydra
 10884 | Lair:2   | Killed a four-headed hydra
 11229 | Lair:2   | Noticed a six-headed hydra
 11252 | Lair:1   | Killed a six-headed hydra
 11252 | Lair:1   | Reached skill level 5 in Evocations
 11450 | Lair:2   | Reached skill level 5 in Unarmed Combat
 12480 | Lair:3   | Gained mutation: You have very sharp fingernails. [demonic ancestry]
 12480 | Lair:3   | Reached XP level 12. HP: 78/85 MP: 14/14
 12511 | Lair:3   | Found a staircase to the Swamp.
 12664 | Lair:4   | Found a hole to the Spider Nest.
 12744 | Lair:4   | Noticed a death yak
 12790 | Lair:4   | Killed a death yak
 13216 | Lair:4   | Reached skill level 10 in Maces & Flails
 13533 | Lair:4   | Noticed a death yak
 13568 | Lair:4   | Killed a death yak
 14455 | Lair:2   | Noticed a seven-headed hydra
 14478 | Lair:2   | Killed a seven-headed hydra
 14478 | Lair:2   | Reached skill level 10 in Dodging
 14725 | Lair:4   | Slain by a blink frog

Skill      XL: |  1  2  3  4  5  6  7  8  9 10 11 12 |
---------------+-------------------------------------+-----
Unarmed Combat | 2 3 5 6 |  6.0
Maces & Flails | 1 2 3 4 5 6 8 9 10 | 10.4
Stealth        | 2 3 4 5 6 |  6.4
Fighting       | 2 3 4 5 6 8 9 |  9.8
Dodging        | 2 3 4 6 7 8 9 10 | 10.1
Evocations     | 2 3 4 5 6 |  6.1
Armour         | 1 2 3 |  3.0
Axes           | |  2.6

Action                   |  1- 3 |  4- 6 |  7- 9 | 10-12 || total
-------------------------+-------+-------+-------+-------++-------
Melee: Whip              |    78 |   211 |   559 |  1445 ||  2293
       Club              |     7 |       |       |       ||     7
       Punch             |     3 |       |     5 |    37 ||    45
       Unarmed           |       |       |    41 |       ||    41
       Dire flail        |       |       |       |    14 ||    14
Invok: Sacrifice Courage |       |       |     1 |       ||     1
       Sacrifice Arcana  |       |       |       |     1 ||     1
       Reject Sacrifices |       |       |       |     1 ||     1
Evoke: Wand              |       |       |     9 |    16 ||    25
       Fan of gales      |       |       |       |     1 ||     1
       Lamp of fire      |       |       |       |     1 ||     1
  Use: Scroll            |       |     1 |     6 |     6 ||    13
       Potion            |       |       |       |     1 ||     1
 Stab: Sleeping          |     6 |     4 |     8 |    17 ||    35
       Distracted        |       |       |     2 |     3 ||     5
       Confused          |       |       |     4 |     2 ||     6
       Invisible         |       |       |       |     5 ||     5
  Eat: Chunk             |       |    15 |    12 |    30 ||    57
Armor: Robe              |    17 |    33 |    54 |       ||   104
       Leather armour    |       |       |    52 |   247 ||   299
       Skin              |       |       |     2 |       ||     2
Dodge: Dodged            |    52 |    80 |   304 |   853 ||  1289
Block: Shield            |       |    62 |    25 |       ||    87
